 Dungeon Crawl Stone Soup version 0.27-a0-590-g94244163b4 (webtiles) character file.

Game seed: 15992438506424530805

130 Anon1729 the Cudgeller (level 4, 0/38 HPs)
             Began as a Palentonga Warper on Mar 10, 2021.
             Slain by a frilled lizard (3 damage)
             ... on level 3 of the Dungeon.
             The game lasted 00:02:02 (3296 turns).

Anon1729 the Cudgeller (Palentonga Warper)          Turns: 3296, Time: 00:02:02

Health: 0/38       AC:  4    Str: 16    XL:     4   Next: 90%
Magic:  7/7        EV:  9    Int: 13    God:
Gold:   57         SH:  0    Dex:  9    Spells: 7/7 levels left

rFire    . . .     SeeInvis +   a - +0 mace
rCold    . . .     Faith    .   (no shield)
rNeg     . . .     Spirit   .   b - +0 leather armour
rPois    .         Reflect  .   (no helmet)
rElec    .         Harm     .   (no cloak)
rCorr    .         Rampage  .   (no gloves)
Will     .....                  (no barding)
Stlth    +.........             (no amulet)
HPRegen  0.12/turn              (no ring)
MPRegen  0.10/turn              (no ring)

@: lethally poisoned (0 -> -1)
A: large, rugged brown scales 3, see invisible, deformed body, roll 1, armoured
tail
a: Rolling Charge


You were on level 3 of the Dungeon.
You visited 1 branch of the dungeon, and saw 3 of its levels.

You collected 57 gold pieces.

Inventory:

Hand Weapons
 a - a +0 mace (weapon)
Missiles
 e - 5 boomerangs of dispersal (quivered)
Armour
 b - a +0 leather armour (worn)
Scrolls
 c - 3 scrolls of fear {unknown}
 d - a scroll of blinking
 g - 5 scrolls of enchant armour {unknown}
 i - 7 scrolls of identify {unknown}
 k - 2 scrolls of fog {unknown}
 l - a scroll of immolation {unknown}
 p - a scroll of enchant weapon {unknown}
Potions
 f - 2 potions of curing
 h - 2 potions of might {unknown}
 j - 2 potions of heal wounds {unknown}
 m - a potion of lignification {unknown}
 n - a potion of haste {unknown}
 o - a potion of brilliance {unknown}


   Skills:
 - Level 2.0 Fighting
 + Level 5.2 Maces & Flails
 - Level 0.6 Throwing
 - Level 0.7 Armour
 - Level 1.5 Dodging
 - Level 2.0 Spellcasting
 - Level 3.0 Translocations


You had 7 spell levels left.
You didn't know any spells.
Your spell library contained the following spells:

 Spells                   Type           Power      Damage    Failure   Level
 Blink                    Tloc           N/A        N/A       14%         2
 Gell's Gravitas          Tloc           4%         N/A       26%         3
 Lesser Beckoning         Tloc           4%         N/A       26%         3
 Teleport Other           Tloc           9%         N/A       26%         3
 Manifold Assault         Tloc           9%         N/A       65%         4


Dungeon Overview and Level Annotations

Branches:
Dungeon (3/15)

Altars:


Innate Abilities, Weirdness & Mutations

You are completely covered in rugged brown scales. (AC +3, +7% HP)
You have supernaturally acute eyesight. (SInv)
Armour fits poorly on your strangely shaped body.
You can roll at nearby foes to attack.
You have a long armoured tail.


Message History

The bat is severely wounded.
The bat hits you.
You thump the bat!
You kill the bat!
The bat barely misses you. The bat hits you.
You closely miss the bat. The bat hits you.
The bat hits you but does no damage. The bat barely misses you.
You hit the bat.
You kill the bat!
The adder bites you.
You are poisoned.
The adder poisons you!
You miss the adder.
The adder is heavily wounded.
You feel sick. The adder bites you.
* * * LOW HITPOINT WARNING * * *
You miss the adder.
The adder is heavily wounded.
The adder barely misses you.
The frilled lizard unfolds its giant frill.
The adder barely misses you.
You sock the adder!
You kill the adder!
You feel sick.
You closely miss the kobold. The kobold barely misses you.
You barely miss the kobold. The kobold barely misses you.
You barely miss the kobold.
You feel sick. The kobold barely misses you.
You closely miss the kobold.
Your tail-slap misses the kobold.
The kobold hits you.
* * * LOW HITPOINT WARNING * * *
You barely miss the kobold. The kobold hits you.
* * * LOW HITPOINT WARNING * * *
The kobold hits you but does no damage.
You hit the kobold.
You kill the kobold!
You feel sick. The frilled lizard closely misses you.
You barely miss the frilled lizard.
Your tail-slap misses the frilled lizard.
The frilled lizard bites you.
You die...

. #.# #.......(.
.... #.###.....#..
....####.........#
.......#......#### #
#....'......+.. ...
#....#......#.#
....#..###).....#.#
.>.....###......#.#
..#.?@lo........# .
#.####'#......#####+
# #..........#....
#...#...........
#...#....⌠...... ##+
#...≈≈≈..##+
.....≈≈≈.....
......≈≈≈.....
......≈≈≈..†..


You could see an orc and a frilled lizard.

Vanquished Creatures
  4 gnolls
  4 adders
  2 worms (D:2)
  A leopard gecko (D:1)
  5 bats
  2 giant cockroaches
  6 goblins
  6 hobgoblins
  4 jackals (D:1)
  5 frilled lizards
  10 kobolds
  4 rats
53 creatures vanquished.

Notes
Turn   | Place    | Note
-------+----------+-------------------------------------------
     0 | D:1      | Anon1729 the Palentonga Warper began the quest for the Orb.
     0 | D:1      | Reached XP level 1. HP: 18/18 MP: 3/3
   255 | D:1      | Reached XP level 2. HP: 12/25 MP: 5/5
   495 | D:1      | Reached skill level 3 in Maces & Flails
  1552 | D:2      | Reached XP level 3. HP: 31/31 MP: 6/6
  2027 | D:2      | Reached skill level 4 in Maces & Flails
  2194 | D:2      | Reached XP level 4. HP: 26/38 MP: 7/7
  3087 | D:3      | Reached skill level 5 in Maces & Flails
  3296 | D:3      | Slain by a frilled lizard

Illustrated notes

Levels and vault maps discovered:
D:1:      lightli_molten_gateway, layout_basic, minmay_misc_feat_ornament
D:2:      layout_basic
D:3:      layout_basic, marbit_many_paths, minitemple, minmay_strange_pillars,
          minivault_23, serial_park_tiny_pond, st_stairs_3,
          kennysheep_generic_room_4

Skill      XL: |  1  2  3  4 |
---------------+-------------+-----
Maces & Flails | 3 4 5 |  5.2
Fighting       | |  2.0
Throwing       | |  0.6
Armour         | |  0.7
Dodging        | |  1.5
Spellcasting   | |  2.0
Translocations | |  3.0

Action                   |  1- 3 |  4- 6 || total
-------------------------+-------+-------++-------
Melee: Mace              |   136 |    67 ||   203
       Tailslap          |     9 |     6 ||    15
  Use: Potion            |       |     1 ||     1
Armor: Leather armour    |    62 |    31 ||    93
Dodge: Dodged            |    76 |    54 ||   130

Table legend: (Time is in decaauts)
 A = Elapsed time spent in this place.
 B = Non-inter-level travel time spent in this place.
 C = Inter-level travel time spent in this place.
 D = Time resting spent in this place.
 E = Time spent auto-exploring this place.
 F = Levels seen in this place.
 G = Mean time per level.
                   A        B        C        D        E       F      G
               +--------+--------+--------+--------+--------+-----+--------+
         Total |   3341 |   3284 |     57 |    922 |   1952 |   3 | 1113.7 |
       Dungeon |   3341 |   3284 |     57 |    922 |   1952 |   3 | 1113.7 |
               +--------+--------+--------+--------+--------+-----+--------+

Top non-repeatable levels by time:
     D:1: 1560 daAuts
     D:2: 1546 daAuts
     D:3: 234 daAuts
